 Dungeon Crawl Stone Soup version 0.23.0 (webtiles) character file.

Game seed: 1416148017872203337

207 PentaManta the Cutter (level 6, -3/39 HPs)
             Began as a Kobold Berserker on Feb 17, 2019.
             Was a Believer of Trog.
             Killed from afar by an orc wizard (9 damage)
             ... with a magic dart
             ... on level 3 of the Dungeon.
             The game lasted 00:05:43 (2460 turns).

PentaManta the Cutter (Kobold Berserker)            Turns: 2460, Time: 00:05:44

Health: -3/39      AC:  2    Str: 14    XL:     6   Next: 10%
Magic:  6/6        EV: 18    Int:  8    God:    Trog [**....]
Gold:   120        SH:  0    Dex: 17    Spells: 5/5 levels left

rFire    . . .     SeeInvis .   a - +1 short sword
rCold    . . .     Gourm    .   (shield restricted)
rNeg     . . .     Faith    .   b - +0 animal skin
rPois    .         Spirit   .   (no helmet)
rElec    .         Reflect  .   (no cloak)
rCorr    .         Harm     .   (no gloves)
MR       .....                  (no boots)
Stlth    +.........             (no amulet)
HPRegen  0.13/turn              (no ring)
MPRegen  0.10/turn              (no ring)

@: confused, berserk cooldown, slowed, very slow
A: small, carnivore
a: Berserk, Trog's Hand, Renounce Religion


You were on level 3 of the Dungeon.
You worshipped Trog.
Trog was pleased with you.
You were not hungry.

You visited 1 branch of the dungeon, and saw 3 of its levels.

You collected 120 gold pieces.

Inventory:

Hand Weapons
 a - a +1 short sword (weapon)
Armour
 b - a +0 animal skin (worn)
Jewellery
 f - an uncursed amulet of the acrobat {unknown}
 j - a cursed ring of teleportation {unknown}
Wands
 o - a wand of iceblast (8)
 p - a wand of disintegration (22)
Scrolls
 e - 3 scrolls of remove curse
 h - a scroll of teleportation
 i - a scroll of magic mapping {unknown}
Potions
 d - 3 potions of might {unknown}
 g - 2 potions of heal wounds {unknown}
 k - a potion of curing {unknown}
 l - 2 potions of lignification {unknown}
 m - a potion of berserk rage {unknown}
 n - 4 potions of brilliance {unknown}
 q - a potion of agility {unknown}
 r - a potion of magic {unknown}
Comestibles
 c - 5 rations


   Skills:
 + Level 4.4 Fighting
 + Level 5.3 Short Blades
 - Level 1.5 Armour
 * Level 5.3 Dodging


You had 5 spell levels left.
You didn't know any spells.
Your spell library was empty.

Dungeon Overview and Level Annotations

Branches:
Dungeon (3/15)

Altars:
Gozag


Innate Abilities, Weirdness & Mutations

You are small and have problems with some larger weapons.
You are carnivorous and can eat meat at any time.


Message History

Something hits you.
You miss something.
You hear some strange, mumbled words.
You are confused.
You bump into the rock wall.
Something barely misses you.
You're too confused to move!
Something hits you. Something barely misses you.
You hit something. Something hits you.
* * * LOW HITPOINT WARNING * * *
Okay, then.
You completely miss something.
You hear some strange, mumbled words.
You are more confused.
You hear some strange, mumbled words.
A puff of flame appears from out of thin air!
The puff of flame misses you.
You barely miss something.
You hear some strange, mumbled words.
A magic dart appears from out of thin air!
The magic dart hits you!
You die...

#.# #.# ##### #.######
#...####.##...#
#......#.##...####
#......#.##...'...
#......#'##...####
######............... .
+...@{o.........รท....
..######o..............
.......#.###...........
........o###......#####
.................>#####
######..######.........
. #..# #.........
...###.)######.........
............# ......


You could see 2 orcs.

Vanquished Creatures
  A centaur (D:2)
  Ijyb (D:3)
  Terence (D:3)
  An adder (D:2)
  An ooze (D:3)
  A worm (D:2)
  3 dart slugs
  3 leopard geckos
  6 orcs (D:3)
  A ball python (D:2)
  A bat (D:1)
  3 giant cockroaches (D:1)
  3 goblins (D:1)
  5 hobgoblins
  A quokka (D:3)
  4 frilled lizards
  7 kobolds
  6 rats
49 creatures vanquished.

Notes
Turn   | Place    | Note
-------+----------+-------------------------------------------
     0 | D:1      | PentaManta the Kobold Berserker began the quest for the
                  | Orb.
     0 | D:1      | Reached XP level 1. HP: 14/14 MP: 1/1
   290 | D:1      | Reached XP level 2. HP: 18/19 MP: 2/2
   643 | D:1      | Reached XP level 3. HP: 17/23 MP: 3/3
  1420 | D:2      | Found an opulent altar of Gozag.
  1593 | D:2      | Noticed a centaur
  1607 | D:2      | Killed a centaur
  1607 | D:2      | Reached skill level 5 in Short Blades
  1607 | D:2      | Reached XP level 4. HP: 2/29 MP: 4/4
  1607 | D:2      | Reached XP level 5. HP: 3/33 MP: 5/5
  2161 | D:3      | Noticed Ijyb
  2179 | D:3      | Killed Ijyb
  2288 | D:3      | Reached skill level 5 in Dodging
  2321 | D:3      | Noticed Terence
  2328 | D:3      | Killed Terence
  2388 | D:3      | Reached XP level 6. HP: 38/39 MP: 6/6
  2423 | D:3      | Reached ** piety under Trog
  2460 | D:3      | Killed from afar by an orc wizard

Skill      XL: |  1  2  3  4  5 |
---------------+----------------+-----
Dodging        | 3 4 5 |  5.3
Fighting       | 4 |  4.4
Short Blades   | 5 |  5.3
Armour         | |  1.5

Action                   |  1- 3 |  4- 6 || total
-------------------------+-------+-------++-------
Melee: Short sword       |    87 |    72 ||   159
Invok: Berserk           |     4 |     4 ||     8
       Trog's Hand       |       |     1 ||     1
  Use: Scroll            |     4 |       ||     4
 Stab: Sleeping          |       |     1 ||     1
  Eat: Chunk             |     8 |     8 ||    16
Armor: Animal skin       |     5 |     5 ||    10
Dodge: Dodged            |    61 |    57 ||   118
